 Dungeon Crawl Stone Soup version 0.25.1-2-g60ff931df9 (webtiles) character file.

Game seed: 387545821074138788

315 CrazyMind the Conjurer (level 6, -8/46 HPs)
             Began as a Draconian Conjurer on Aug 29, 2020.
             Was an Initiate of Vehumet.
             Mangled by a gargoyle
             ... wielding a +0 dire flail
              (13 damage)
             ... on level 5 of the Dungeon.
             The game lasted 00:27:42 (4557 turns).

CrazyMind the Conjurer (Draconian Conjurer)         Turns: 4557, Time: 00:27:42

Health: -8/46      AC:  6    Str: 11    XL:     6   Next: 19%
Magic:  2/11       EV: 12    Int: 23    God:    Vehumet [......]
Gold:   244        SH:  0    Dex: 11    Spells: 5/12 levels left

rFire    . . .     SeeInvis .   e - +1 dagger (elec)
rCold    . . .     Gourm    .   (no shield)
rNeg     . . .     Faith    .   (armour unavailable)
rPois    .         Spirit   .   (helmet restricted)
rElec    .         Reflect  .   (no cloak)
rCorr    .         Harm     .   (no gloves)
MR       .....                  (no boots)
Stlth    ++........             u - amulet of regeneration
HPRegen  0.55/turn              t - +6 ring of intelligence
MPRegen  0.12/turn              (no ring)

@: no status effects
A: unfitting armour, cold-blooded, AC +6
a: Renounce Religion


You were on level 5 of the Dungeon.
You worshipped Vehumet.
Vehumet was noncommittal.
You were not hungry.

You visited 1 branch of the dungeon, and saw 5 of its levels.

You collected 244 gold pieces.

Inventory:

Hand Weapons
 d - a +0 short sword
 e - a +1 dagger of electrocution (weapon)
 h - a cursed -2 whip
Missiles
 j - 32 stones (quivered)
 l - a throwing net
 o - 43 poisoned darts
Jewellery
 t - a +6 ring of intelligence (left hand)
 u - an amulet of regeneration (around neck)
Wands
 B - a wand of random effects (10)
Scrolls
 a - a scroll of noise {unknown}
 f - 3 scrolls of teleportation {unknown}
 g - 7 scrolls of identify
 i - a scroll of remove curse {unknown}
 n - 3 scrolls of enchant armour {unknown}
 p - a scroll of magic mapping {unknown}
 v - a scroll of amnesia {unknown}
 y - a scroll of enchant weapon {unknown}
 D - a scroll of blinking {unknown}
Potions
 c - a potion of curing {unknown}
 k - 2 potions of brilliance
 m - 2 potions of mutation
 q - a potion of haste {unknown}
 r - a potion of degeneration {unknown}
 s - a potion of stabbing {unknown}
 w - a potion of magic {unknown}
 x - a potion of resistance {unknown}
 z - 2 potions of flight {unknown}
 A - a potion of might {unknown}
Comestibles
 b - 9 rations
 C - a chunk of flesh


   Skills:
 + Level 0.9 Fighting
 + Level 2.6 Dodging
 - Level 1.7 Stealth
 + Level 3.7 Spellcasting
 + Level 6.0 Conjurations


You had 5 spell levels left.
You knew the following spells:

 Your Spells              Type           Power        Failure   Level  Hunger
a - Magic Dart            Conj           ####         1%          1    None
b - Searing Ray           Conj           ####..       1%          2    #......
c - Fulminant Prism       Conj/Hex       ###.......   30%         4    ####...

Your spell library contained the following spells:

 Spells                   Type           Power        Failure   Level  Hunger
 Dazzling Flash           Conj/Hex       ###...       10%         3    ###....
 Iskenderun's Mystic Bla  Conj/Tloc      ###.....     30%         4    ####...


Dungeon Overview and Level Annotations

Branches:
Dungeon (5/15)
 Temple: D:4-7

Altars:
Elyvilon
Gozag
Nemelex Xobeh
Trog
Vehumet

Shops:
D:5 *

Annotations:
D:4 Blork the orc
D:5 Pikel


Innate Abilities, Weirdness & Mutations

Your plain brown scales are hard. (AC +6)
You cannot fit into any form of body armour.
You are cold-blooded and may be slowed by cold attacks.


Message History

Press: ? - help, Shift-Dir - straight line, f/p - gargoyle
Aim: a gargoyle, wielding a +0 dire flail (heavily damaged)
The searing ray hits the gargoyle but does no damage.
The gargoyle is heavily damaged. (Press . to maintain the ray.)
The gargoyle hits you with a +0 dire flail!
The searing ray hits the gargoyle.
The gargoyle is severely damaged.
The gargoyle hurls a stone arrow at you.
The stone arrow hits you!
The searing ray hits the gargoyle.
The gargoyle is almost destroyed.
The gargoyle hurls a stone arrow at you.
The stone arrow hits you!
* * * LOW HITPOINT WARNING * * *
The searing ray hits the gargoyle but does no damage.
The gargoyle is almost destroyed.
You finish channeling your searing ray.
The gargoyle hits you with a +0 dire flail!
You die...

#########
#.9p....#
#.#####.# #.#
#<# #.# #.#
#p#######
#.#.....# ####
###.#.###.# ...#
#.....@9..# ...#
#.#.#.#.###
...## #.#.#.###
....# # ..#...#
....# #######.#
....# #.......#
....# #.#######
.#..# #.#
.#..#######.####


You could see a gargoyle.

Vanquished Creatures
  A slave (D:5)
  An ice beast (D:5)
  A jelly (D:5)
  4 gnolls (D:2)
  A howler monkey skeleton (D:4)
  8 adders
  A shadow imp (D:5)
  A worm (D:2)
  A leopard gecko (D:1)
  An orc (D:3)
  4 bats (D:2)
  10 giant cockroaches
  6 goblins
  7 hobgoblins
  5 jackals
  8 frilled lizards
  3 kobolds
  A leopard gecko skeleton (D:5)
  8 rats
72 creatures vanquished.

Notes
Turn   | Place    | Note
-------+----------+-------------------------------------------
     0 | D:1      | CrazyMind the Draconian Conjurer began the quest for the
                  | Orb.
     0 | D:1      | Reached XP level 1. HP: 14/14 MP: 3/3
   683 | D:1      | Reached XP level 2. HP: 20/20 MP: 5/5
   687 | D:1      | Learned a level 2 spell: Searing Ray
  1650 | D:2      | Reached XP level 3. HP: 26/26 MP: 4/6
  1807 | D:2      | Reached skill level 5 in Conjurations
  1809 | D:2      | Reached XP level 4. HP: 25/33 MP: 2/7
  1815 | D:2      | Learned a level 4 spell: Fulminant Prism
  2700 | D:2      | Found a faded altar of an unknown god.
  2857 | D:3      | Found a radiant altar of Vehumet.
  2862 | D:3      | Found a white marble altar of Elyvilon.
  2864 | D:3      | Found a bloodstained altar of Trog.
  2864 | D:3      | Found a sparkling altar of Nemelex Xobeh.
  2868 | D:3      | Became a worshipper of Vehumet
  2988 | D:3      | Reached XP level 5. HP: 39/39 MP: 6/9
  3511 | D:4      | Noticed Blork the orc
  3561 | D:5      | Entered Level 5 of the Dungeon
  3573 | D:5      | Found Cuyss's Assorted Antiques.
  3603 | D:5      | Noticed a slave
  3603 | D:5      | Noticed a slave
  3603 | D:5      | Noticed a slave
  3603 | D:5      | Noticed a gargoyle
  3603 | D:5      | Noticed a slave
  3753 | D:5      | Noticed Pikel
  3845 | D:5      | Noticed an ice beast
  4088 | D:4      | Noticed a sky beast
  4154 | D:5      | Killed an ice beast
  4154 | D:5      | Reached skill level 6 in Conjurations
  4154 | D:5      | Reached XP level 6. HP: 46/46 MP: 2/11
  4305 | D:5      | Found an opulent altar of Gozag.
  4459 | D:5      | Killed a slave
  4557 | D:5      | Mangled by a gargoyle

Illustrated notes

Levels and vault maps discovered:
D:1:      heliophobic_arrival_dark_side_of_the_moon, layout_loops_ring
D:2:      layout_loops_corners, chequers_ecumenical_altar_simple_redux,
          hangedman_feature_mirror, st_stairs_9
D:3:      layout_rooms, grunt_temple_overflow_open
D:4:      layout_cave_pools, lemuel_statue_altar, uniq_blork_the_orc
D:5:      layout_basic, lemuel_round_altar, first_ration, basic_altar,
          serial_shops, shop, uniq_crazy_yiuf_cottage, uniq_sigmund, uniq_pikel

Skill      XL: |  1  2  3  4  5 |
---------------+----------------+-----
Dodging        | 2 |  2.6
Conjurations   | 5 6 |  6.0
Spellcasting   | 3 |  3.7
Fighting       | |  0.9
Stealth        | |  1.7

Action                   |  1- 3 |  4- 6 || total
-------------------------+-------+-------++-------
Melee: Unarmed           |     5 |       ||     5
       Short sword       |     7 |     4 ||    11
       Tailslap          |     1 |       ||     1
       Dagger            |       |     1 ||     1
 Cast: Magic Dart        |    42 |    50 ||    92
       Searing Ray       |     5 |    15 ||    20
  Use: Scroll            |       |     3 ||     3
       Potion            |       |     1 ||     1
 Stab: Sleeping          |     3 |     1 ||     4
  Eat: Chunk             |     4 |     9 ||    13
Armor: Skin              |    10 |     6 ||    16
Dodge: Dodged            |     9 |    29 ||    38
